 Dungeon Crawl Stone Soup version 0.27-a0-1196-g3e9cee4cb2 (webtiles) character file.

Game seed: 11782269992438019391

398 avis the Grave Robber (level 6, 0/49 HPs)
             Began as a Deep Dwarf Necromancer on May 27, 2021.
             Slain by an ufetubus (1 damage)
             ... on level 5 of the Dungeon on May 28, 2021.
             The game lasted 00:31:13 (6269 turns).

avis the Grave Robber (Deep Dwarf Necromancer)      Turns: 6269, Time: 00:31:16

Health: 0/49       AC:  6    Str: 11    XL:     6   Next: 53%
Magic:  9/9        EV: 10    Int: 18    God:
Gold:   171        SH:  0    Dex: 13    Spells: 4/9 levels left

rFire    . . .     SeeInvis .   b - +1 long sword (flame)
rCold    . . .     Faith    .   (no shield)
rNeg     . . .     Spirit   .   d - +0 ring mail
rPois    .         Reflect  .   y - +0 helmet
rElec    .         Harm     .   (no cloak)
rCorr    .         Rampage  .   (no gloves)
Will     .....                  (no boots)
Stlth    ++........             (no amulet)
HPRegen  0.00/turn              (no ring)
MPRegen  0.11/turn              (no ring)

@: no status effects
A: damage resistance, heal wounds, sense surroundings 1, no regeneration
a: Heal Wounds


You were on level 5 of the Dungeon.
You visited 1 branch of the dungeon, and saw 5 of its levels.

You collected 171 gold pieces.

Inventory:

Hand Weapons
 a - a +1 dagger of venom
 b - a +1 long sword of flaming (weapon)
 c - a +0 mace
 h - a +0 hand axe
 o - a +0 dagger
 t - a +0 war axe
 z - a +0 dagger of venom
 A - a +0 hunting sling
 B - a +0 quarterstaff
 D - a +0 flail
 E - the +7 trident "Lurogg" {antimagic, rElec Dex+3}
   (You found it on level 4 of the Dungeon)

   It reduces the magical energy of the wielder, and disrupts the spells and
   magical abilities of those hit.
   Natural abilities and divine invocations are not affected.
   It affects your dexterity (+3).
   It insulates you from electricity.
 G - a +0 dagger of speed
Missiles
 e - 112 stones
 l - 63 arrows
Armour
 d - a +0 ring mail (worn)
 j - a +0 leather armour
 s - a +0 robe
 y - a +0 helmet (worn)
 H - a +0 scale mail
Magical Staves
 k - a staff of poison
Jewellery
 f - a ring of protection from cold
 n - a ring of fire
Scrolls
 i - a scroll of immolation {unknown}
 p - a scroll of blinking {unknown}
 q - 4 scrolls of identify {unknown}
 r - a scroll of noise {unknown}
 u - a scroll of enchant weapon {unknown}
 v - a scroll of brand weapon {unknown}
 w - a scroll of teleportation {unknown}
 I - a scroll of magic mapping {unknown}
Potions
 g - 2 potions of degeneration {unknown}
 m - 2 potions of curing {unknown}
 x - a potion of lignification {unknown}
 C - a potion of flight {unknown}
 F - a potion of magic {unknown}


   Skills:
 * Level 2.3 Long Blades
 - Level 2.2 Dodging
 - Level 4.0 Stealth
 - Level 2.0 Spellcasting
 + Level 7.0 Necromancy
 + Level 3.1 Evocations


You had 4 spell levels left.
You knew the following spells:

 Your Spells              Type           Power      Damage    Failure   Level
a - Pain                  Necr           100%       1d9       2%          1
c - Animate Skeleton      Necr           54%        N/A       2%          1
d - Vampiric Draining     Necr           13%        2d7       8%          3

Your spell library contained the following spells:

 Spells                   Type           Power      Damage    Failure   Level
 Animate Dead             Necr           13%        N/A       24%         4
 Agony                    Necr           27%        N/A       56%         5


Dungeon Overview and Level Annotations

Branches:
Dungeon (5/15)
 Temple: D:4-7

Altars:
Kikubaaqudgha
Trog
Yredelemnul

Shops:
D:2 *

Annotations:
D:5 Menkaure


Innate Abilities, Weirdness & Mutations

You are resistant to damage.
You can heal yourself by infusing magical energy.
You passively map a small area around you.
You do not regenerate.


Message History

There is a stone staircase leading up, spattered with blood here.
Things that are here:
a +0 spear; a +0 robe An ufetubus comes into view.
The orc hits you with a +0 falchion.
* * * LOW HITPOINT WARNING * * *
Casting: Vampiric Draining (dangerous; 8% risk of failure)
Confirm with . or Enter, or press ? or * to list all spells.
Aiming: Vampiric Draining (dangerous; 8% risk of failure)
Press: ? - help, Shift-Dir - straight line, f - orc
Aim: an orc, wielding a +0 falchion and quivering boomerangs You draw life force from the orc.
You feel life coursing into your body.
The ufetubus shouts!
The orc hits you with a +0 falchion.
Casting: Vampiric Draining (dangerous; 8% risk of failure)
Confirm with . or Enter, or press ? or * to list all spells.
Aiming: Vampiric Draining (dangerous; 8% risk of failure)
Press: ? - help, Shift-Dir - straight line, f/p - orc
Aim: an orc, wielding a +0 falchion and quivering boomerangs (heavily wounded)
You draw life force from the orc.
You kill the orc!
You feel life coursing into your body.
Things that are here:
a +0 spear; a +0 robe
There is a stone staircase leading up, spattered with blood here.
You climb upwards.
There is a stone staircase leading down, spattered with blood here.
You start resting.
Magic restored.
Your +1 dagger of venom stops dripping with poison.
Your +1 long sword of flaming bursts into flame!
b - a +1 long sword of flaming (weapon)
You climb downwards.
Level annotation: Menkaure The ufetubus hits you.
* * * LOW HITPOINT WARNING * * *
The ufetubus hits you.
* * * LOW HITPOINT WARNING * * *
The ufetubus hits you.
You die...

#######
##########.....###############
............(..o@5..........>#
.#####.###.###.##.##########.#
, #.# #.# #.##.# #.....# #.#
#.# #....# #.##### ,* #.# #.#
###### #.#### * #.# #.# #....#
#.###.# ####.# #.....#
#######.# #..#### #####
#.......#


You could see an orc and an ufetubus.

Vanquished Creatures
  An orc warrior (D:4)
  A hound (D:4)
  A bullfrog skeleton (D:4)
  An iguana (D:4)
  2 orc wizards
  A hound skeleton (D:4)
  Robin (D:4)
  4 adders
  2 adder skeletons (D:4)
  An adder zombie (D:5)
  A worm (D:3)
  3 dart slugs
  8 orcs
  3 bats (D:1)
  8 endoplasms
  3 giant cockroaches
  5 hobgoblins
  2 jackals (D:3)
  4 kobolds
  5 quokkas
  6 ball pythons
  A frilled lizard (D:2)
  14 goblins
  3 rats
81 creatures vanquished.

Vanquished Creatures (others)
  A wizard (D:4)
1 creature vanquished.

Grand Total: 82 creatures vanquished

Notes
Turn   | Place    | Note
-------+----------+-------------------------------------------
     0 | D:1      | avis the Deep Dwarf Necromancer began the quest for the
                  | Orb.
     0 | D:1      | Reached XP level 1. HP: 15/15 MP: 3/3
     2 | D:1      | Learned a level 1 spell: Animate Skeleton
   316 | D:1      | Reached XP level 2. HP: 20/22 MP: 2/4
   844 | D:1      | Found a faded altar of an unknown god.
   930 | D:1      | Reached skill level 5 in Necromancy
  1210 | D:2      | Found a basalt altar of Yredelemnul.
  1240 | D:1      | Reached XP level 3. HP: 14/28 MP: 2/6
  1273 | D:2      | Learned a level 3 spell: Vampiric Draining
  1941 | D:2      | Found Xusuemok's Assorted Antiques.
  2645 | D:3      | Reached XP level 4. HP: 34/36 MP: 3/7
  3406 | D:3      | Reached skill level 6 in Necromancy
  3988 | D:4      | Reached skill level 1 in Evocations
  3988 | D:4      | Reached XP level 5. HP: 42/42 MP: 5/8
  4229 | D:4      | Noticed Robin
  4239 | D:4      | Killed Robin
  4598 | D:4      | Found an ancient bone altar of Kikubaaqudgha.
  4782 | D:4      | Identified the +7 trident "Lurogg" {antimagic, rElec Dex+3}
  4800 | D:4      | Reached skill level 1 in Long Blades
  5453 | D:4      | Found a bloodstained altar of Trog.
  5456 | D:4      | Noticed a wizard
  5461 | D:4      | Killed a wizard
  5509 | D:5      | Entered Level 5 of the Dungeon
  5630 | D:5      | Noticed Menkaure
  5630 | D:5      | Noticed an orc warrior
  5956 | D:5      | Reached XP level 6. HP: 30/49 MP: 9/9
  6134 | D:4      | Killed an orc warrior
  6135 | D:4      | Reached skill level 7 in Necromancy
  6269 | D:5      | HP: 1/49 [ufetubus (3)]
  6269 | D:5      | Slain by an ufetubus

Illustrated notes

Levels and vault maps discovered:
D:1:      amcnicky_arrival_abandoned_market, layout_loops_ring,
          ebering_ecumenical_altar_petrified, minmay_pentomino_v2
D:2:      layout_basic, basic_altar, serial_shops, shop
D:3:      layout_basic
D:4:      layout_basic, trog_wizard, kiku_gazebo_pond_becter, uniq_robin
D:5:      layout_basic, uniq_menkaure

Skill      XL: |  1  2  3  4  5  6 |
---------------+-------------------+-----
Spellcasting   | 2 |  2.0
Stealth        | 3 4 |  4.0
Necromancy     | 5 6 7 |  7.0
Evocations     | 1 2 3 |  3.1
Long Blades    | 1 2 |  2.3
Dodging        | |  2.2

Action                   |  1- 3 |  4- 6 || total
-------------------------+-------+-------++-------
Melee: Dagger            |     8 |    42 ||    50
       Flail             |     7 |    12 ||    19
       Long sword        |       |    21 ||    21
 Cast: Pain              |    50 |    27 ||    77
       Animate Skeleton  |    12 |     9 ||    21
       Vampiric Draining |    12 |    26 ||    38
 Abil: Heal Wounds       |       |     1 ||     1
 Stab: Sleeping          |     2 |     1 ||     3
       Distracted        |       |     1 ||     1
Armor: Leather armour    |     5 |    12 ||    17
       Robe              |     2 |       ||     2
       Ring mail         |       |    21 ||    21
Dodge: Dodged            |    19 |    66 ||    85
       Rpst.: Long sword |       |     7 ||     7

Table legend: (Time is in decaauts)
 A = Elapsed time spent in this place.
 B = Non-inter-level travel time spent in this place.
 C = Inter-level travel time spent in this place.
 D = Time resting spent in this place.
 E = Time spent auto-exploring this place.
 F = Levels seen in this place.
 G = Mean time per level.
                   A        B        C        D        E       F      G
               +--------+--------+--------+--------+--------+-----+--------+
         Total |   6300 |   5560 |    740 |   1939 |   2463 |   5 | 1260.0 |
       Dungeon |   6300 |   5560 |    740 |   1939 |   2463 |   5 | 1260.0 |
               +--------+--------+--------+--------+--------+-----+--------+

Top non-repeatable levels by time:
     D:4: 1985 daAuts
     D:1: 1721 daAuts
     D:3: 1230 daAuts
     D:2: 984 daAuts
     D:5: 379 daAuts
